 Dungeon Crawl Stone Soup version 0.30-a0-586-g23e55c9e0a (webtiles) character file.

Game seed: 6346176564696637296

26 M4edhros the Charlatan (level 3, -1/23 HPs)
             Began as an Octopode Artificer on Jan 3, 2023.
             Slain by an ogre
             ... wielding a +0 giant spiked club
              (19 damage)
             ... on level 4 of the Dungeon.
             The game lasted 00:00:38 (586 turns).

M4edhros the Charlatan (Octopode Artificer)          Turns: 586, Time: 00:00:39

Health: -1/23      AC:  1    Str: 11    XL:     3   Next: 8%
Magic:  3/3        EV: 13    Int: 13    God:
Gold:   65         SH:  3    Dex: 14    Spells: 2/2 levels left

rFire   . . .      SeeInvis .      - Unarmed
rCold   . . .      Faith    .    l - +0 buckler
rNeg    . . .      Spirit   .    (helmet restricted)
rPois   .          Reflect  .    (no amulet)
rElec   .          Harm     .    (no ring)
rCorr   .          Rampage  .    (no ring)
Will    .....                    (no ring)
Stlth   +++                      (no ring)
HPRegen 0.23/turn                (no ring)
MPRegen 0.08/turn                (no ring)
                                 (no ring)
                                 (no ring)

@: no status effects
A: almost no armour, amphibious, 8 rings, camouflage 1, gelatinous body 1,
(nimble swimmer 1), tentacles
a: no special abilities


You were on level 4 of the Dungeon.
You visited 1 branch of the dungeon, and saw 4 of its levels.

You collected 65 gold pieces.

Inventory:

Missiles
 k - 5 curare-tipped darts
Armour
 l - a +0 buckler (worn)
Wands
 b - a wand of flame (15) (quivered)
 c - a wand of charming (15)
 d - a wand of iceblast (5)
Scrolls
 f - a scroll of poison {unknown}
 g - 2 scrolls of immolation {unknown}
 h - a scroll of magic mapping {unknown}
 i - a scroll of enchant weapon {unknown}
 n - a scroll of fear {unknown}
 o - a scroll of fog {unknown}
Potions
 a - 2 potions of invisibility {unknown}
 e - a potion of attraction {unknown}
 j - a potion of mutation {unknown}
 m - a potion of ambrosia {unknown}


   Skills:
 + Level 1.4 Fighting
 + Level 2.6 Dodging
 + Level 2.0 Stealth
 * Level 1.3 Unarmed Combat
 + Level 3.5 Evocations


You had 2 spell levels left.
You didn't know any spells.
Your spell library was empty.

Dungeon Overview and Level Annotations

Branches:
Dungeon (4/15)
 Temple: D:4-7

Altars:
Hepliaklqana


Innate Abilities, Weirdness & Mutations

You cannot wear most types of armour.
You are amphibious.
You can wear up to eight rings at the same time.
Your skin changes colour to match your surroundings (Stealth+).
Your rubbery body absorbs attacks. (AC +1, EV +1)
((You are camouflaged when in or above water. (Stealth+)))
You have tentacles for arms and can constrict up to eight enemies at once.


Message History

You constrict the adder.
You feel sick. The adder bites you but does no damage.
You tentacle-slap the adder but do no damage.
You squeeze the adder.
You kill the adder!
You feel sick.
Your Stealth skill increases to level 2!
You have reached level 3!
Your experience leads to an increase in your attributes!
Increase (S)trength, (I)ntelligence, or (D)exterity?
You feel agile. x2
There are no items here.
You start resting.
You feel sick. x5
You are no longer poisoned.
HP restored.
An endoplasm comes into view.
The endoplasm quivers.
An endoplasm is nearby!
A ball python comes into view.
An ogre comes into view. It is wielding a +0 giant spiked club.
The endoplasm closely misses you.
You tentacle-slap the endoplasm. You squeeze the endoplasm.
You kill the endoplasm!
A ball python comes into view.
The ogre closely misses you.
You tentacle-slap the ogre but do no damage.
The ball python hisses angrily.
You tentacle-slap the ogre. Your squeeze misses the ogre.
The ogre is lightly wounded.
The ball python bites you. The ball python grabs you.
The ball python constricts you. The ogre barely misses you.
You block the ball python's attack. The ball python constricts you.
You barely miss the ball python. You grab the ball python.
Your squeeze misses the ball python. You constrict the ball python.
The ogre barely misses you. The ball python bites you.
The ball python constricts you.
You tentacle-slap the ball python.
You kill the ball python!
The ogre hits you with a +0 giant spiked club!!
Ouch! That really hurt!
You die...

#... .##...#
.......## .........
...#....# ........#
.. ......OS#### #...
#..@...####.....
#........#.......
.##................
..........$.........
##...#..............
#...#..............
#.<...............#
...##.............#
..# #.............#


You could see an ogre and a ball python.

Vanquished Creatures
  An adder (D:4)
  A worm (D:2)
  2 endoplasms
  4 hobgoblins
  6 ball pythons
  A rat (D:2)
15 creatures vanquished.

Notes
Turn   | Place    | Note
-------+----------+-------------------------------------------
     0 | D:1      | M4edhros the Octopode Artificer began the quest for the
                  | Orb.
     0 | D:1      | Reached XP level 1. HP: 13/13 MP: 1/1
   189 | D:2      | Found a hazy altar of Hepliaklqana.
   236 | D:2      | Reached XP level 2. HP: 18/18 MP: 2/2
   244 | D:2      | Reached skill level 1 in Unarmed Combat
   495 | D:4      | Reached XP level 3. HP: 9/23 MP: 3/3
   578 | D:4      | Noticed an ogre
   586 | D:4      | Slain by an ogre

Illustrated notes

Levels and vault maps discovered:
D:1:      beargit_arrival_greenhouse, layout_basic, grunt_decor_cap
D:2:      layout_rooms, serial_shops, nicolae_shop_hallway_stairs, basic_altar
D:3:      layout_basic, chequers_temple_overflow_minitemple
D:4:      layout_cave_pools, grunt_qazlal_sundering, minmay_fire_ice_demons

Skill      XL: |  1  2 |
---------------+-------+-----
Unarmed Combat | 1 |  1.3
Stealth        | 2 |  2.0
Fighting       | |  1.4
Dodging        | |  2.6
Evocations     | |  3.5

Action                   || total
-------------------------++-------
Melee: Unarmed           ||    44
       Tentacles         ||    14
       Constrict         ||    12
 Stab: Sleeping          ||     4
Armor: Skin              ||     2
Dodge: Dodged            ||    26
Block: Buckler           ||     1

Table legend: (Time is in decaauts)
 A = Elapsed time spent in this place.
 B = Non-inter-level travel time spent in this place.
 C = Inter-level travel time spent in this place.
 D = Time resting spent in this place.
 E = Time spent auto-exploring this place.
 F = Levels seen in this place.
 G = Mean time per level.
                   A        B        C        D        E       F      G
               +--------+--------+--------+--------+--------+-----+--------+
         Total |    585 |    508 |     77 |      5 |    344 |   4 |  146.2 |
       Dungeon |    585 |    508 |     77 |      5 |    344 |   4 |  146.2 |
               +--------+--------+--------+--------+--------+-----+--------+

Top non-repeatable levels by time:
     D:2: 205 daAuts
     D:1: 189 daAuts
     D:4: 103 daAuts
     D:3: 88 daAuts
